PCL
CALGARY COWBOYS @ WALLA WALLA ALL-STARS
08/02/2023
 
TOP OF THE 1ST
Calgary Cowboys batting - Pitching for Walla Walla All-Stars : RHP Arturo Martínez
Pitching: RHP Arturo Martínez
Batting: RHB Clark Hodge 0-0: Ball
1-0: Ball
2-0: Called Strike
2-1: DOUBLE (Line Drive, 5D)
Batting: RHB Mike Wilcox 0-0: Ball
1-0: Called Strike
1-1: Ball
2-1: Ground out 4-3 (Groundball, 4)
Clark Hodge to third
Batting: RHB Dan Wyatt 0-0: Called Strike
0-1: Foul Ball, location: 2F
0-2: Ground out 5-3 (Groundball, 5)
Batting: RHB Cristián Peña 0-0: Ball
1-0: Fly out, F6 (Line Drive, 6M)
Top of the 1st over - 0 run(s), 1 hit(s), 0 error(s), 1 left on base; Calgary 0 - Walla Walla 0
BOTTOM OF THE 1ST
Walla Walla All-Stars batting - Pitching for Calgary Cowboys : RHP Arthur Benson
Pitching: RHP Arthur Benson
Batting: LHB Mike Young 0-0: Foul Ball, location: 2F
0-1: Foul Ball, location: 2F
0-2: Ball
1-2: Foul Ball, location: 2F
1-2: Ball
2-2: Ball
3-2: Base on Balls
Batting: SHB Sean Carr 0-0: Ball
1-0: Foul Ball, location: 2F
1-1: Ball
2-1: SINGLE (Line Drive, 9LS)
Mike Young to second
Batting: RHB Lorenzo Morín 0-0: Ball
1-0: Ball
2-0: Ball
3-0: Called Strike
3-1: Base on Balls
Mike Young to third
Sean Carr to second
Batting: RHB Claudio Guerra 0-0: Called Strike
0-1: Foul Ball, location: 2F
0-2: Ball
1-2: Ball
2-2: SINGLE (Line Drive, 9LS)
Mike Young scores
Sean Carr to third
Lorenzo Morín to second
Batting: SHB Clinton Watson 0-0: Called Strike
0-1: Ball
1-1: Swinging Strike
1-2: Ball
2-2: Foul Ball, location: 2F
2-2: Foul Ball, location: 2F
2-2: Foul Ball, location: 2F
2-2: DOUBLE (Flyball, 89M)
Sean Carr scores
Lorenzo Morín scores
Claudio Guerra to third
Batting: RHB Daniel Guerrero 0-0: Swinging Strike
0-1: DOUBLE (Line Drive, 8RM)
Claudio Guerra scores
Clinton Watson scores
Batting: RHB Pablo Lucero 0-0: Ball
Daniel Guerrero steals 3rd base
1-0: Ball
2-0: Called Strike
2-1: Foul Ball, location: 2F
2-2: Foul Ball, location: 2F
2-2: Foul Ball, location: 2F
2-2: Strikes out swinging
Batting: RHB Santiago Vallés 0-0: Called Strike
0-1: Ball
1-1: Ball
2-1: Foul Ball, location: 2F
2-2: Ball
3-2: Strikes out swinging
Batting: LHB Bob Martin 0-0: Called Strike
0-1: Foul Ball, location: 2F
0-2: SINGLE (Line Drive, 34D)
Daniel Guerrero scores
Batting: LHB Mike Young 0-0: Called Strike
0-1: Ball
1-1: Called Strike
1-2: SINGLE (Groundball, 4MD)
Bob Martin to second
Runner from 2nd tries for 3rd, SAFE, no throw or cutoff
Batting: SHB Sean Carr 0-0: SINGLE (Line Drive, 56D)
Bob Martin scores
Mike Young to second
Batting: RHB Lorenzo Morín 0-0: Ball
1-0: Called Strike
1-1: Ball
2-1: Ball
3-1: Fly out, F8 (Popup, 4MD)
Bottom of the 1st over - 7 run(s), 7 hit(s), 0 error(s), 2 left on base; Calgary 0 - Walla Walla 7
TOP OF THE 2ND
Calgary Cowboys batting - Pitching for Walla Walla All-Stars : RHP Arturo Martínez
Batting: LHB Al Ryan 0-0: Ball
1-0: Foul Ball, location: 2F
1-1: Ball
2-1: Foul Ball, location: 2F
2-2: Ball
3-2: Foul Ball, location: 2F
3-2: Strikes out looking
Batting: RHB Mario Sánchez 0-0: Called Strike
0-1: Ball
1-1: Ground out U3 (Groundball, 3)
Batting: RHB Jorge Balencia 0-0: Called Strike
0-1: Ball
1-1: Ball
2-1: SOLO HOME RUN (Flyball, 7D), Distance : 387 ft
Batting: RHB Steven Jennings 0-0: Called Strike
0-1: Ball
1-1: Ball
2-1: Ball
3-1: Base on Balls
Batting: LHB Freddy Herrera 0-0: Ball
1-0: Ball
2-0: Ball
3-0: Called Strike
3-1: DOUBLE (Flyball, 78S)
Steven Jennings to third
Runner from 3rd tries for Home, throw and OUT!
Top of the 2nd over - 1 run(s), 2 hit(s), 0 error(s), 1 left on base; Calgary 1 - Walla Walla 7
BOTTOM OF THE 2ND
Walla Walla All-Stars batting - Pitching for Calgary Cowboys : RHP Arthur Benson
Batting: RHB Claudio Guerra 0-0: Foul Ball, location: 2F
0-1: Ball
1-1: Ball
2-1: Foul Ball, location: 2F
2-2: Ground out 2-3 (Groundball, 2R)
Batting: SHB Clinton Watson 0-0: Swinging Strike
0-1: Fly out, F9 (Flyball, 9LM)
Batting: RHB Daniel Guerrero 0-0: Called Strike
0-1: Ball
1-1: Ball
2-1: Fly out, F8 (Line Drive, 8LM)
Bottom of the 2nd over - 0 run(s), 0 hit(s), 0 error(s), 0 left on base; Calgary 1 - Walla Walla 7
TOP OF THE 3RD
Calgary Cowboys batting - Pitching for Walla Walla All-Stars : RHP Arturo Martínez
Batting: RHB Clark Hodge 0-0: Ball
1-0: Swinging Strike
1-1: Ball
2-1: Called Strike
2-2: Foul Ball, location: 2F
2-2: Ball
3-2: Foul Ball, location: 2F
3-2: Foul Ball, location: 2F
3-2: Base on Balls
Batting: RHB Mike Wilcox 0-0: Ball
1-0: Foul Ball, location: 2F
1-1: Ball
2-1: Foul Ball, location: 2F
2-2: Strikes out swinging
Batting: RHB Dan Wyatt 0-0: Called Strike
Throwing error on steal attempt, E2
Clark Hodge to third
0-1: Fly out, F9 (Flyball, 9D)
Runner from 3rd tags up, SCORES, no throw
Batting: RHB Cristián Peña 0-0: Ground out 4-3 (Groundball, 4M)
Top of the 3rd over - 1 run(s), 0 hit(s), 1 error(s), 0 left on base; Calgary 2 - Walla Walla 7
BOTTOM OF THE 3RD
Walla Walla All-Stars batting - Pitching for Calgary Cowboys : RHP Arthur Benson
Batting: RHB Pablo Lucero 0-0: Ball
1-0: Ball
2-0: Swinging Strike
2-1: Ball
3-1: Base on Balls
Batting: RHB Santiago Vallés 0-0: Called Strike
0-1: Fielders Choice at 2nd, 5-4 (Groundball, 56)
Batting: LHB Bob Martin 0-0: DOUBLE (Groundball, 5L)
Santiago Vallés to third
Batting: LHB Mike Young 0-0: Ground out 4-3 (Groundball, 4)
Santiago Vallés scores
Bob Martin to third
Pitching: RHP Aluizio Subgua
Batting: SHB Sean Carr 0-0: Ball
1-0: Ball
2-0: Ball
3-0: Base on Balls
Batting: RHB Lorenzo Morín 0-0: Called Strike
0-1: Foul Ball, location: 2F
0-2: SINGLE (Groundball, 4MD)
Bob Martin scores
Sean Carr to second
Runner from 2nd tries for 3rd, SAFE, throw made to third
Batting: RHB Claudio Guerra 0-0: Swinging Strike
0-1: Ball
1-1: Ball
2-1: Called Strike
2-2: Ball
3-2: Strikes out swinging
Bottom of the 3rd over - 2 run(s), 2 hit(s), 0 error(s), 2 left on base; Calgary 2 - Walla Walla 9
TOP OF THE 4TH
Calgary Cowboys batting - Pitching for Walla Walla All-Stars : RHP Arturo Martínez
Batting: LHB Al Ryan 0-0: Ball
1-0: Ball
2-0: SOLO HOME RUN (Flyball, 9D), Distance : 398 ft
Batting: RHB Mario Sánchez 0-0: SINGLE (Line Drive, 56D)
Batting: RHB Jorge Balencia 0-0: Fly out, F7 (Flyball, 7LM)
Batting: RHB Steven Jennings 0-0: Ball
Mario Sánchez is caught stealing 2nd base
1-0: Fly out, F9 (Flyball, 9D)
Top of the 4th over - 1 run(s), 2 hit(s), 0 error(s), 0 left on base; Calgary 3 - Walla Walla 9
BOTTOM OF THE 4TH
Walla Walla All-Stars batting - Pitching for Calgary Cowboys : RHP Aluizio Subgua
Batting: SHB Clinton Watson 0-0: Ball
1-0: Foul Ball, location: 2F
1-1: Called Strike
1-2: Ground out 6-3 (Groundball, 6M)
Batting: RHB Daniel Guerrero 0-0: Ball
1-0: Reached on Error, E8 (Line Drive, 8LM)
Batting: RHB Pablo Lucero 0-0: Ball
1-0: Ball
2-0: Ground out 5-3 (Groundball, 5)
Batting: RHB Santiago Vallés 0-0: Ground out 4-3 (Groundball, 4)
Bottom of the 4th over - 0 run(s), 0 hit(s), 1 error(s), 1 left on base; Calgary 3 - Walla Walla 9
TOP OF THE 5TH
Calgary Cowboys batting - Pitching for Walla Walla All-Stars : RHP Arturo Martínez
Batting: LHB Freddy Herrera 0-0: Called Strike
0-1: Foul Ball, location: 2F
0-2: Ball
1-2: Strikes out swinging
Batting: RHB Clark Hodge 0-0: Ball
1-0: Called Strike
1-1: Foul Ball, location: 2F
1-2: Ball
2-2: Strikes out swinging
Batting: RHB Mike Wilcox 0-0: Ball
1-0: Swinging Strike
1-1: Reached on error, E5 (Groundball, 56)
Batting: RHB Dan Wyatt 0-0: Ball
Mike Wilcox steals 2nd base
1-0: Ball
2-0: Ball
3-0: Foul Ball, location: 2F
3-1: Foul Ball, location: 2F
3-2: Foul Ball, location: 2F
3-2: Base on Balls
Batting: RHB Cristián Peña 0-0: Foul Ball, location: 2F
0-1: Fly out, F4 (Popup, 4M)
Top of the 5th over - 0 run(s), 0 hit(s), 1 error(s), 2 left on base; Calgary 3 - Walla Walla 9
BOTTOM OF THE 5TH
Walla Walla All-Stars batting - Pitching for Calgary Cowboys : RHP Aluizio Subgua
Batting: LHB Bob Martin 0-0: Foul Ball, location: 2F
0-1: Swinging Strike
0-2: Ball
1-2: Foul Ball, location: 2F
1-2: Foul Ball, location: 2F
1-2: Ball
2-2: Foul Ball, location: 2F
2-2: Ground out 4-3 (Groundball, 4)
Batting: LHB Mike Young 0-0: SINGLE (Groundball, 4M)
Batting: SHB Sean Carr 0-0: Ball
1-0: SINGLE (Popup, 5D)
Mike Young to second
Batting: RHB Lorenzo Morín 0-0: Foul Ball, location: 2F
0-1: Ball
1-1: DOUBLE (Line Drive, 5D)
Mike Young scores
Sean Carr to third
Runner from 3rd tries for Home, SAFE, throw made home
Batting: RHB Claudio Guerra 0-0: Ball
Wild Pitch!
Lorenzo Morín to third
1-0: Ground out 5-3 (Groundball, 5S)
Batting: SHB Clinton Watson 0-0: Foul Ball, location: 2F
0-1: Foul Ball, location: 2F
0-2: Ball
1-2: Foul Ball, location: 2F
1-2: Ball
2-2: Foul Ball, location: 2F
2-2: Ball
3-2: Base on Balls
Batting: RHB Daniel Guerrero 0-0: Called Strike
0-1: Ball
1-1: Ball
2-1: Ball
3-1: Foul Ball, location: 2F
3-2: Base on Balls
Clinton Watson to second
Batting: RHB Pablo Lucero 0-0: Called Strike
0-1: Fly out, F8 (Flyball, 8RM)
Bottom of the 5th over - 2 run(s), 3 hit(s), 0 error(s), 3 left on base; Calgary 3 - Walla Walla 11
TOP OF THE 6TH
Calgary Cowboys batting - Pitching for Walla Walla All-Stars : RHP Arturo Martínez
Pitching: RHP John Bowden
Batting: LHB Al Ryan 0-0: Ball
1-0: Ball
2-0: Ball
3-0: Base on Balls
Batting: RHB Mario Sánchez 0-0: Swinging Strike
0-1: Ball
1-1: Ball
2-1: Called Strike
2-2: DOUBLE (Line Drive, 9LM)
Al Ryan to third
Batting: RHB Jorge Balencia 0-0: Ball
1-0: Foul Ball, location: 2F
1-1: Ball
2-1: SINGLE (Groundball, 34D)
Al Ryan scores
Mario Sánchez to third
Runner from 3rd tries for Home, SAFE, no throw or cutoff
Batting: RHB Steven Jennings 0-0: SINGLE (Flyball, 7LS)
Jorge Balencia to second
Batting: LHB Freddy Herrera 0-0: Ball
1-0: Called Strike
1-1: Ball
2-1: Called Strike
2-2: Ball
3-2: Foul Ball, location: 2F
3-2: Base on Balls
Jorge Balencia to third
Steven Jennings to second
Batting: RHB Clark Hodge 0-0: Ball
1-0: Ball
2-0: Foul Ball, location: 2F
2-1: Fielders Choice at 2nd, 4-6 (Groundball, 4)
Jorge Balencia scores
Steven Jennings to third
Batting: RHB Mike Wilcox 0-0: Called Strike
0-1: Ball
1-1: Ball
2-1: Foul Ball, location: 2F
2-2: Strikes out swinging
Clark Hodge is caught stealing 2nd base
Batter strikes out.
Top of the 6th over - 3 run(s), 3 hit(s), 0 error(s), 1 left on base; Calgary 6 - Walla Walla 11
BOTTOM OF THE 6TH
Walla Walla All-Stars batting - Pitching for Calgary Cowboys : RHP Aluizio Subgua
Batting: RHB Santiago Vallés 0-0: Called Strike
0-1: Ball
1-1: SINGLE (Line Drive, 6D)
Batting: LHB Bob Martin 0-0: Ball
1-0: Fly out, F4 (Popup, 4S)
Batting: LHB Mike Young 0-0: Called Strike
0-1: Ball
1-1: Called Strike
1-2: Foul Ball, location: 2F
1-2: Foul Ball, location: 2F
1-2: Foul Ball, location: 2F
1-2: Ball
2-2: Ball
Santiago Vallés steals 2nd base
3-2: SINGLE (Groundball, 5D)
Santiago Vallés to third
Runner from 3rd tries for Home, SAFE, no throw or cutoff
Pitching: LHP Mario Rosário
Batting: SHB Sean Carr 0-0: Called Strike
0-1: Called Strike
0-2: Ball
1-2: Fielders Choice at 2nd, 1-6 (Groundball, 25)
Batting: RHB Lorenzo Morín 0-0: Ball
Wild Pitch!
Sean Carr to second
1-0: Ball
2-0: Ball
Wild Pitch!
Sean Carr to third
3-0: Called Strike
3-1: Base on Balls
Batting: RHB Claudio Guerra 0-0: Ball
1-0: Ball
2-0: Called Strike
2-1: Ball
3-1: Base on Balls
Lorenzo Morín to second
Batting: SHB Clinton Watson 0-0: Called Strike
0-1: Foul Ball, location: 2F
0-2: Strikes out swinging
Bottom of the 6th over - 1 run(s), 2 hit(s), 0 error(s), 3 left on base; Calgary 6 - Walla Walla 12
TOP OF THE 7TH
Calgary Cowboys batting - Pitching for Walla Walla All-Stars : RHP John Bowden
Batting: RHB Dan Wyatt 0-0: Ball
1-0: Foul Ball, location: 2F
1-1: Foul Ball, location: 2F
1-2: Ball
2-2: Foul Ball, location: 2F
2-2: Foul Ball, location: 2F
2-2: DOUBLE (Line Drive, 5D)
Batting: RHB Cristián Peña 0-0: Called Strike
0-1: Ball
1-1: Ball
2-1: Called Strike
2-2: Ball
3-2: Base on Balls
Batting: LHB Al Ryan 0-0: Called Strike
0-1: Fly out, F8 (Flyball, 8RD)
Runner from 2nd tags up, SAFE at 3rd, no throw
Batting: RHB Mario Sánchez 0-0: Ball
1-0: Foul Ball, location: 2F
1-1: Swinging Strike
1-2: Ball
2-2: Ball
3-2: DOUBLE (Groundball, 5L)
Dan Wyatt scores
Cristián Peña to third
Runner from 3rd tries for Home, SAFE, throw made at trailing runner, SAFE at third!
Pitching: RHP León Trevino
Batting: RHB Jorge Balencia 0-0: Ball
1-0: Ball
2-0: Foul Ball, location: 2F
2-1: Ball
3-1: Called Strike
3-2: Foul Ball, location: 2F
3-2: Strikes out swinging
Batting: RHB Steven Jennings 0-0: Called Strike
0-1: SINGLE (Groundball, 56)
Mario Sánchez scores
Batting: LHB Freddy Herrera 0-0: Ball
1-0: Fielders Choice at 2nd, 6-4 (Groundball, 6)
Top of the 7th over - 3 run(s), 3 hit(s), 0 error(s), 0 left on base; Calgary 9 - Walla Walla 12
BOTTOM OF THE 7TH
Walla Walla All-Stars batting - Pitching for Calgary Cowboys : LHP Mario Rosário
Batting: RHB Daniel Guerrero 0-0: Ball
1-0: Called Strike
1-1: Ground out 1-3 (Groundball, 13S)
Batting: RHB Pablo Lucero 0-0: Called Strike
0-1: Ball
1-1: SOLO HOME RUN (Line Drive, 78XD), Distance : 409 ft
Batting: RHB Santiago Vallés 0-0: SINGLE (Line Drive, 6MD)
Pitching: RHP Tim Flynn
Batting: LHB Bob Martin 0-0: Ball
1-0: Ball
2-0: Ball
3-0: Called Strike
3-1: Foul Ball, location: 2F
3-2: Foul Ball, location: 2F
3-2: Strikes out swinging
Batting: LHB Mike Young 0-0: Ball
1-0: Foul Ball, location: 2F
1-1: Ball
2-1: Ground out U3 (Groundball, 3L)
Bottom of the 7th over - 1 run(s), 2 hit(s), 0 error(s), 1 left on base; Calgary 9 - Walla Walla 13
TOP OF THE 8TH
Calgary Cowboys batting - Pitching for Walla Walla All-Stars : RHP León Trevino
Batting: RHB Clark Hodge 0-0: Called Strike
0-1: Ball
1-1: Fly out, F7 (Flyball, 7D)
Batting: RHB Mike Wilcox 0-0: Ball
1-0: Ball
2-0: Ball
3-0: Base on Balls
Batting: RHB Dan Wyatt 0-0: Called Strike
0-1: Foul Ball, location: 2F
0-2: Foul Ball, location: 2F
0-2: Ball
1-2: Ball
2-2: Strikes out looking
Batting: RHB Cristián Peña 0-0: Ball
1-0: Ball
2-0: SINGLE (Popup, 4MS)
Mike Wilcox to second
Runner from 2nd tries for 3rd, OUT!
Top of the 8th over - 0 run(s), 1 hit(s), 0 error(s), 1 left on base; Calgary 9 - Walla Walla 13
BOTTOM OF THE 8TH
Walla Walla All-Stars batting - Pitching for Calgary Cowboys : RHP Tim Flynn
Batting: SHB Sean Carr 0-0: Ball
1-0: Ball
2-0: Called Strike
2-1: SINGLE (Flyball, 78S)
Batting: RHB Lorenzo Morín 0-0: Grounds into double play, 6-4-3 (Groundball, 6)
Batting: RHB Claudio Guerra 0-0: Swinging Strike
0-1: Ball
1-1: Ball
2-1: Foul Ball, location: 2F
2-2: Ball
3-2: Strikes out swinging
Bottom of the 8th over - 0 run(s), 1 hit(s), 0 error(s), 0 left on base; Calgary 9 - Walla Walla 13
TOP OF THE 9TH
Calgary Cowboys batting - Pitching for Walla Walla All-Stars : RHP León Trevino
Batting: LHB Al Ryan 0-0: Ball
1-0: Foul Ball, location: 2F
1-1: Foul Ball, location: 2F
1-2: Strikes out swinging
Batting: RHB Mario Sánchez 0-0: Ball
1-0: Swinging Strike
1-1: Fly out, F7 (Flyball, 7D)
Batting: RHB Jorge Balencia 0-0: Ball
1-0: Called Strike
1-1: Ball
2-1: Foul Ball, location: 2F
2-2: Foul Ball, location: 2F
2-2: Strikes out swinging
Top of the 9th over - 0 run(s), 0 hit(s), 0 error(s), 0 left on base; Calgary 9 - Walla Walla 13
This league is powered by Out of the Park Baseball, the baseball management simulation game for PC, Mac and Linux
Wednesday, December 2nd, 2015 - OOTP Baseball 16.8 Build 38